 Dungeon Crawl Stone Soup version 0.31-a0-152-g6aa68a64a1 (webtiles) character file.

Game seed: 12769751187897387530

1509 qw the Cleaver (level 8, -10/49 HPs)
             Began as a Gargoyle Fighter on June 10, 2023.
             Killed by divine providence
             ... invoked by an orc priest
              (12 damage)
             ... on level 6 of the Dungeon.
             The game lasted 00:02:11 (4703 turns).

qw the Cleaver (Gargoyle Fighter)                   Turns: 4703, Time: 00:02:12

Health: -10/49     AC: 22    Str: 21    XL:     8   Next: 82%
Magic:  8/8        EV:  6    Int: 17    God:
Gold:   222        SH:  4    Dex:  9    Spells: 7/7 levels left

rFire   . . .        Y - +0 war axe
rCold   . . .        c - +0 buckler
rNeg    + . .        o - +0 plate armour
rPois   inf          i - +0 helmet
rElec   +            (no cloak)
rCorr   .            f - +2 pair of gloves of the Stars {rElec rPois Int+7}
SInv    .            (no boots)
Will    .....        (no amulet) Stlth
                     (no ring)
HPRegen 0.28/turn    (no ring)
MPRegen 0.11/turn

%: no passive effects
@: no status effects
A: sickness immunity, AC +5, negative energy resistance 1, electricity
resistance, torment resistance 1, petrification resistance
a: no special abilities


You were on level 6 of the Dungeon.
You visited 1 branch of the dungeon, and saw 6 of its levels.

You collected 222 gold pieces.


Innate Abilities, Weirdness & Mutations

You are immune to sickness and miasma.
Your stone body is resilient. (AC +5)
You are immune to poison.
You resist negative energy. (rN+)
You are resistant to electric shocks. (rElec)
You are resistant to unholy torment.
You are immune to petrification.


   Skills:
 + Level 5.1 Fighting
 - Level 8.0 Axes
 - Level 1.1 Throwing
 - Level 6.1 Armour
 - Level 1.1 Dodging
 - Level 3.2 Shields


You had 7 spell levels left.
You didn't know any spells.
Your spell library was empty.

Inventory:

Hand Weapons
 p - a +0 antimagic flail
 Y - a +0 war axe (weapon)
Missiles
 g - 10 boomerangs
 j - 3 boomerangs of dispersal
Armour
 c - a +0 buckler (worn)
 f - the +2 pair of gloves of the Stars (worn) {rElec rPois Int+7}
   (You acquired it on level 3 of the Dungeon)

   Int:       It affects your intelligence (+7).
   rElec:     It insulates you from electricity.
   rPois:     It protects you from poison.
 i - a +0 helmet (worn)
 o - a +0 plate armour (worn)
Scrolls
 a - a scroll of identify
Potions
 d - a potion of might
 e - 3 potions of curing
 h - a potion of haste
 l - a potion of invisibility {unknown}
 n - a potion of lignification {unknown}

Dungeon Overview and Level Annotations

Branches:
Dungeon (6/15)
 Temple: D:4-7

Altars:
Sif Muna
Trog


Message History

You barely miss the adder.
The adder is almost dead.
You completely miss the orc priest. You miss the adder.
The adder bites you but does no damage. x2
The orc priest hits you but does no damage.
The adder bites you but does no damage.
You miss the adder.
The adder is almost dead.
You barely miss the orc priest. You slash the adder!
You kill the adder!
The adder bites you but does no damage.
The orc priest hits you with a +0 flail!
You miss the adder.
The adder is almost dead.
You hit the orc priest. The adder closely misses you.
The orc priest hits you but does no damage.
The adder bites you.
You barely miss the adder.
The adder is almost dead.
You hit the orc priest.
The orc priest hits you but does no damage.
The adder bites you but does no damage.
You closely miss the orc priest.
The orc priest is almost dead.
You closely miss the adder. The adder barely misses you.
The orc priest barely misses you. The adder closely misses you.
You hit the orc priest but do no damage.
The orc priest is almost dead.
You closely miss the adder.
The orc priest hits you but does no damage.
The adder barely misses you.
You closely miss the orc priest.
The orc priest is almost dead.
You slash the adder!
You kill the adder!
The orc priest invokes the aid of Beogh against you.
Beogh smites you!
You die...

.# .# .+ .###. ..... #+#
.....
###.##########.######.J...
........%@o{OJy...{.O.....
...#..##)######<######.###
## ### #.# ..


oo. ## ...#. #.###.. #. ## ## You could see an ogre, a jelly, a killer bee and
an orc priest.

Vanquished Creatures
  A cyclops (D:5)
  An orc warrior (D:5)
  An ice beast (D:3)
  A black bear (D:5)
  A centaur (D:6)
  A phantom (D:6)
  A bullfrog (D:5)
  A scorpion (D:5)
  3 hounds
  4 orc priests
  2 iguanas
  5 orc wizards
  5 gnolls
  7 adders
  2 shadow imps (D:5)
  A worm (D:3)
  A dart slug (D:1)
  16 orcs
  8 ball pythons
  4 endoplasms
  4 giant cockroaches
  7 hobgoblins
  6 jackals
  4 quokkas
  4 bats
  3 frilled lizards
  3 goblins
  6 kobolds
  2 rats
105 creatures vanquished.

Vanquished Creatures (others)
  An orc wizard (D:4)
1 creature vanquished.

Grand Total: 106 creatures vanquished

Notes
Turn   | Place    | Note
-------+----------+-------------------------------------------
     0 | D:1      | qw the Gargoyle Fighter began the quest for the Orb.
     0 | D:1      | Reached XP level 1. HP: 14/14 MP: 1/1
     0 | D:1      | 0 ||| qw: Version: 0.2-a-29-g767f381
     0 | D:1      | 0 ||| qw: Game counter: 3913
     0 | D:1      | 0 ||| qw: Always use a shield: true
     0 | D:1      | 0 ||| qw: God list: Okawaru
     0 | D:1      | 0 ||| qw: Allow faded altars: false
     0 | D:1      | 0 ||| qw: Do Orc after D:15 true
     0 | D:1      | 0 ||| qw: Do second Lair branch before Depths: true
     0 | D:1      | 0 ||| qw: Lair rune preference: random
     0 | D:1      | 0 ||| qw: Plans: Normal, Zot:1-4, Slime:5, God:TSO, Crypt,
                  | Tomb, Abyss, Pan, Hells, Win
     0 | D:1      | 0 ||| PLANNING D:1-11
   155 | D:1      | Reached skill level 2 in Axes
   191 | D:1      | Reached XP level 2. HP: 14/19 MP: 2/2
   253 | D:1      | 253 ||| Stepping ~*~*~tactically~*~*~ (hiding).
   254 | D:1      | 254 ||| Stepping ~*~*~tactically~*~*~ (hiding).
   303 | D:1      | Reached skill level 3 in Axes
   369 | D:1      | 369 ||| Stepping ~*~*~tactically~*~*~ (stealth).
   372 | D:1      | 372 ||| Stepping ~*~*~tactically~*~*~ (stealth).
   382 | D:1      | HP: 4/19 [kobold/+0 short sword (2)]
   454 | D:1      | Reached XP level 3. HP: 23/23 MP: 3/3
   743 | D:1      | 743 ||| UPGRADING to +1 hat.
   748 | D:1      | 748 ||| READING 4 scrolls labelled ATUMUPT KAPH.
   749 | D:1      | 749 ||| READING scroll labelled SYBBYGARUI.
   750 | D:1      | 750 ||| READING scroll labelled RAZEAS KASHRYNO.
   751 | D:1      | 751 ||| READING 3 scrolls of identify.
   751 | D:1      | 751 ||| IDENTIFYING bubbling yellow potion
  1566 | D:2      | 1566 ||| READING scroll labelled HYTARGH NECODARUL.
  1567 | D:2      | 1567 ||| READING 2 scrolls of identify.
  1567 | D:2      | 1567 ||| IDENTIFYING grey potion
  1568 | D:2      | 1568 ||| DROPPING potion of enlightenment.
  1645 | D:3      | 1645 ||| Stepping ~*~*~tactically~*~*~ (stealth).
  1650 | D:3      | 1650 ||| Stepping ~*~*~tactically~*~*~ (stealth).
  1655 | D:3      | Noticed an ice beast
  1656 | D:3      | 1656 ||| Stepping ~*~*~tactically~*~*~ (stealth).
  1666 | D:3      | Killed an ice beast
  1667 | D:3      | Reached skill level 4 in Axes
  1667 | D:3      | Reached XP level 4. HP: 28/28 MP: 4/4
  1667 | D:3      | Reached XP level 5. HP: 32/32 MP: 5/5
  1805 | D:3      | 1805 ||| Stepping ~*~*~tactically~*~*~ (stealth).
  1806 | D:3      | 1806 ||| Stepping ~*~*~tactically~*~*~ (stealth).
  1808 | D:3      | 1808 ||| Stepping ~*~*~tactically~*~*~ (stealth).
  1888 | D:3      | 1888 ||| DROPPING +1 whip of electrocution.
  2162 | D:3      | 2162 ||| Stepping ~*~*~tactically~*~*~ (hiding).
  2164 | D:3      | 2164 ||| Stepping ~*~*~tactically~*~*~ (hiding).
  2171 | D:3      | Reached skill level 5 in Axes
  2173 | D:3      | HP: 5/32 [gnoll/+0 halberd (9)]
  2303 | D:3      | 2303 ||| DROPPING +0 mace.
  2348 | D:3      | 2348 ||| UPGRADING to +0 helmet.
  2358 | D:3      | 2358 ||| DROPPING +1 hat.
  2359 | D:3      | 2359 ||| READING scroll labelled QUYSCH DUBB.
  2359 | D:3      | Identified a scroll of acquirement
  2359 | D:3      | 2359 ||| ACQUIRING +2 pair of gloves of the Stars {rElec
                  | rPois Int+7}
  2359 | D:3      | Acquired the +2 pair of gloves of the Stars {rElec rPois
                  | Int+7}
  2361 | D:3      | 2361 ||| UPGRADING to +2 pair of gloves of the Stars {rElec
                  | rPois Int+7}.
  2366 | D:3      | 2366 ||| READING scroll labelled EMUCVI EQ KAON.
  2437 | D:4      | 2437 ||| Stepping ~*~*~tactically~*~*~ (hiding).
  2441 | D:4      | 2441 ||| Stepping ~*~*~tactically~*~*~ (hiding).
  2462 | D:4      | 2462 ||| DRINKING 5 potions of curing.
  2462 | D:4      | 2462 ||| (to cure confusion)
  2522 | D:4      | 2522 ||| Stepping ~*~*~tactically~*~*~ (hiding).
  2533 | D:4      | Reached XP level 6. HP: 38/38 MP: 6/6
  2549 | D:4      | Reached skill level 1 in Dodging
  2763 | D:4      | 2763 ||| Stepping ~*~*~tactically~*~*~ (hiding).
  3192 | D:4      | Reached skill level 1 in Throwing
  3445 | D:4      | 3445 ||| READING scroll labelled MUDDIFIDAE.
  3446 | D:4      | 3446 ||| DRINKING 2 black potions.
  3447 | D:4      | 3447 ||| DROPPING potion of brilliance.
  3462 | D:5      | Entered Level 5 of the Dungeon
  3468 | D:5      | Reached XP level 7. HP: 41/43 MP: 7/7
  3514 | D:5      | Reached skill level 6 in Axes
  3532 | D:5      | 3532 ||| Stepping ~*~*~tactically~*~*~ (stealth).
  3536 | D:5      | 3536 ||| Stepping ~*~*~tactically~*~*~ (stealth).
  3540 | D:5      | 3540 ||| Stepping ~*~*~tactically~*~*~ (hiding).
  3638 | D:5      | 3638 ||| Stepping ~*~*~tactically~*~*~ (stealth).
  3656 | D:5      | 3656 ||| Stepping ~*~*~tactically~*~*~ (hiding).
  3672 | D:5      | Reached skill level 7 in Axes
  4312 | D:5      | 4312 ||| FLEEEEING.
  4326 | D:5      | 4326 ||| DRINKING 4 potions of curing.
  4326 | D:5      | 4326 ||| (to cure confusion)
  4331 | D:5      | Found a shimmering blue altar of Sif Muna.
  4335 | D:5      | 4335 ||| Stepping ~*~*~tactically~*~*~ (stealth).
  4337 | D:5      | 4337 ||| Stepping ~*~*~tactically~*~*~ (hiding).
  4346 | D:5      | Reached XP level 8. HP: 29/49 MP: 8/8
  4425 | D:5      | Found a bloodstained altar of Trog.
  4430 | D:5      | 4430 ||| DROPPING +0 flail.
  4465 | D:5      | 4465 ||| UPGRADING to +0 plate armour.
  4475 | D:5      | 4475 ||| DROPPING +0 scale mail.
  4476 | D:5      | 4476 ||| READING 3 scrolls of identify.
  4476 | D:5      | 4476 ||| IDENTIFYING viscous golden potion
  4477 | D:5      | 4477 ||| READING 2 scrolls of identify.
  4477 | D:5      | 4477 ||| IDENTIFYING brown potion
  4478 | D:5      | 4478 ||| DROPPING potion of degeneration.
  4503 | D:6      | 4503 ||| STAIRDANCE
  4504 | D:6      | Noticed a cyclops
  4588 | D:6      | 4588 ||| STAIRDANCE
  4595 | D:5      | Killed a cyclops
  4596 | D:5      | Reached skill level 6 in Armour
  4691 | D:6      | HP: 12/49 [centaur (1)]
  4695 | D:6      | Reached skill level 8 in Axes
  4698 | D:6      | HP: 1/49 [orc priest/+0 flail (8)]
  4703 | D:6      | Killed from afar by an orc priest

Levels and vault maps discovered:
D:1:      lightli_arrival_statue_moat, layout_basic
D:2:      layout_loops_corners
D:3:      layout_loops_ring
D:4:      layout_basic
D:5:      layout_loops_cross, nzn_overflow_gifts_of_might_and_magic
D:6:      layout_basic, minmay_temple_entry_purple_smoke,
          hangedman_minor_gate_pass

Skill      XL: |  1  2  3  4  5  6  7  8 |
---------------+-------------------------+-----
Axes           | 2 3 4 5 7 8 |  8.0
Fighting       | 4 5 |  5.1
Dodging        | 1 |  1.1
Throwing       | 1 |  1.1
Armour         | 6 |  6.1
Shields        | |  3.2

Action                     |  1- 3 |  4- 6 |  7- 9 || total
---------------------------+-------+-------+-------++-------
  Melee: War axe           |    85 |   155 |   152 ||   392
    Use: Scroll            |     6 |     3 |     2 ||    11
         Potion            |       |     2 |     1 ||     3
 Armour: Scale mail        |    35 |    67 |    68 ||   170
         Plate armour      |       |       |    61 ||    61
  Dodge: Dodged            |    39 |    61 |    74 ||   174
  Block: Buckler           |    21 |    29 |    28 ||    78

Table legend:
 A = Non-vault XP
 B = Vault XP
 C = Vault XP percentage of total XP
 D = Non-vault monster count
 E = Vault monster count
 F = Vault count percentage of total count
                 A         B        C        D         E       F
            +---------+---------+-------+---------+---------+-------
      Total |    1258 |     911 |  42.0 |      99 |       6 |   5.7
            +---------+---------+-------+---------+---------+-------
        D:1 |      38 |       0 |   0.0 |      15 |       0 |   0.0
        D:2 |      17 |       0 |   0.0 |      10 |       0 |   0.0
        D:3 |     217 |       0 |   0.0 |      17 |       0 |   0.0
        D:4 |     332 |       0 |   0.0 |      32 |       0 |   0.0
        D:5 |     587 |     683 |  53.8 |      22 |       3 |  12.0
        D:6 |      67 |     228 |  77.3 |       3 |       3 |  50.0
            +---------+---------+-------+---------+---------+-------
